 Dungeon Crawl Stone Soup version 0.28-a0-1080-g05a166d0ed (webtiles) character file.

Game seed: 10102843190285859686

54 Strat the Chopper (level 3, -4/33 HPs)
             Began as a Naga Gladiator on Dec 9, 2021.
             Slain by Terence (12 damage)
             ... on level 2 of the Dungeon.
             The game lasted 00:02:08 (1066 turns).

Strat the Chopper (Naga Gladiator)                  Turns: 1066, Time: 00:02:08

Health: -4/33      AC:  3    Str: 18    XL:     3   Next: 91%
Magic:  3/3        EV: 10    Int:  8    God:
Gold:   15         SH:  0    Dex: 12    Spells: 2/2 levels left

rFire   . . .      SeeInvis +   a - +0 war axe
rCold   . . .      Faith    .   (no shield)
rNeg    . . .      Spirit   .   b - +0 leather armour
rPois   +          Reflect  .   c - +0 helmet
rElec   .          Harm     .   (no cloak)
rCorr   .          Rampage  .   (no gloves)
Will    .....                   (no barding)
Stlth   +.........              (no amulet)
HPRegen 0.11/turn               (no ring)
MPRegen 0.08/turn               (no ring)

@: very slow
A: AC +1, large, see invisible, deformed body, poison resistance, slowness 2,
spit poison 1, naga tail 1
a: Spit Poison


You were on level 2 of the Dungeon.
You visited 1 branch of the dungeon, and saw 2 of its levels.

You collected 15 gold pieces.

Inventory:

Hand Weapons
 a - a +0 war axe (weapon)
Missiles
 d - 3 throwing nets
 e - 2 boomerangs (quivered)
 g - 25 stones
 h - 28 sling bullets
 j - 5 javelins
 k - 5 datura-tipped darts
 l - 18 poisoned darts
Armour
 b - a +0 leather armour (worn)
 c - a +0 helmet (worn)
Potions
 f - 2 potions of curing {unknown}
 i - a potion of mutation {unknown}


   Skills:
 + Level 2.8 Fighting
 * Level 4.2 Axes
 - Level 1.7 Throwing
 - Level 2.4 Dodging


You had 2 spell levels left.
You didn't know any spells.
Your spell library was empty.

Dungeon Overview and Level Annotations

Branches:
Dungeon (2/15)

Altars:

Annotations:
D:2 Terence


Innate Abilities, Weirdness & Mutations

Your serpentine skin is tough. (AC +1)
You have supernaturally acute eyesight. (SInv)
Armour fits poorly on your strangely shaped body.
Your system is resistant to poisons. (rPois)
You cover ground very slowly.
You can spit poison.
You have a snake-like lower body.


Message History

The slug dart hits you.
* * * LOW HITPOINT WARNING * * *
Aiming: Spit Poison (2% risk of failure)
Press: ? - help, Shift-Dir - straight line, f - dart slug
Aim: a dart slug The splash of poison hits the dart slug!
The dart slug is poisoned.
The dart slug is severely wounded.
You hit the dart slug.
You kill the dart slug!
The goblin shoots a stone.
The stone hits you but does no damage.
The goblin unwields a +0 hunting sling.
The goblin wields a +0 dagger.
The goblin barely misses you.
You see here a dart slug corpse.
The goblin hits you but does no damage. x2
You hit the goblin.
The goblin is severely wounded.
Terence the Incautious comes into view.
He is wielding a +0 morningstar.
The goblin closely misses you.
You barely miss the goblin.
The goblin is severely wounded.
You have got your breath back.
Terence shouts!
The goblin hits you but does no damage.
You hit the goblin but do no damage.
The goblin is severely wounded.
The goblin hits you with a +0 dagger.
* * * LOW HITPOINT WARNING * * *
You closely miss the goblin.
The goblin is severely wounded.
The goblin hits you but does no damage. x2; Terence barely misses you.
The goblin closely misses you.
You see here a dart slug corpse.
The goblin unwields a +0 dagger.
The goblin wields a +0 hunting sling.
The goblin shoots a stone.
The stone barely misses you. Terence hits you with a +0 morningstar.
* * * LOW HITPOINT WARNING * * *
Terence says, "Did you write a will?
You should..."
Terence hits you with a +0 morningstar!
You die...

### ### #.# #<#
#.# #)#
#.#######.########
#..............).#
#@#######.######.#
#.@g.†....####.
#.:###.........#
#..#.........#.#
#!.#.#.###.#.#
#>............[
#..#.......#.#.#
#..#.......#.#.#
#..........# #


You could see Terence and a goblin.

Vanquished Creatures
  2 gnolls (D:1)
  A dart slug (D:2)
  A ball python (D:1)
  2 endoplasms (D:1)
  2 giant cockroaches
  6 goblins (D:1)
  2 hobgoblins (D:1)
  6 jackals (D:1)
  2 bats (D:1)
  A frilled lizard (D:1)
  2 kobolds
  6 rats (D:1)
33 creatures vanquished.

Notes
Turn   | Place    | Note
-------+----------+-------------------------------------------
     0 | D:1      | Strat the Naga Gladiator began the quest for the Orb.
     0 | D:1      | Reached XP level 1. HP: 19/19 MP: 1/1
    87 | D:1      | Reached XP level 2. HP: 26/26 MP: 2/2
   329 | D:1      | Reached XP level 3. HP: 30/33 MP: 3/3
   626 | D:1      | Reached skill level 4 in Axes
  1058 | D:2      | Noticed Terence
  1066 | D:2      | Slain by Terence

Illustrated notes

Levels and vault maps discovered:
D:1:      saegor_arrival_fortress, layout_basic
D:2:      layout_basic, shapermc_ecumenical_altar_totnotflames, uniq_natasha,
          uniq_terence

Skill      XL: |  1  2  3 |
---------------+----------+-----
Axes           | 4 |  4.2
Fighting       | |  2.8
Throwing       | |  1.7
Dodging        | |  2.4

Action                   || total
-------------------------++-------
Melee: War axe           ||    57
Throw: Boomerang         ||    11
 Abil: Spit Poison       ||     6
Armor: Leather armour    ||    21
Dodge: Dodged            ||    25

Table legend: (Time is in decaauts)
 A = Elapsed time spent in this place.
 B = Non-inter-level travel time spent in this place.
 C = Inter-level travel time spent in this place.
 D = Time resting spent in this place.
 E = Time spent auto-exploring this place.
 F = Levels seen in this place.
 G = Mean time per level.
                   A        B        C        D        E       F      G
               +--------+--------+--------+--------+--------+-----+--------+
         Total |   1351 |   1279 |     72 |    197 |    786 |   2 |  675.5 |
       Dungeon |   1351 |   1279 |     72 |    197 |    786 |   2 |  675.5 |
               +--------+--------+--------+--------+--------+-----+--------+

Top non-repeatable levels by time:
     D:1: 1289 daAuts
     D:2: 62 daAuts
